 Dungeon Crawl Stone Soup version 0.23.2-40-g277498a001 (webtiles) character file.

Game seed: 4247529226821225071

43 Deathwalker the Charmwright (level 3, -1/29 HPs)
             Began as a Human Skald on Aug 24, 2019.
             Slain by an orc
             ... wielding a +0 hand axe
              (6 damage)
             ... on level 1 of the Dungeon.
             The game lasted 00:05:08 (1630 turns).

Deathwalker the Charmwright (Human Skald)           Turns: 1630, Time: 00:05:09

Health: -1/29      AC:  3    Str: 12    XL:     3   Next: 82%
Magic:  15/15      EV: 12    Int: 13    God:
Gold:   102        SH:  0    Dex: 12    Spells: 1/6 levels left

rFire    . . .     SeeInvis .   q - +1 dagger (pain)
rCold    . . .     Gourm    .   (no shield)
rNeg     . . .     Faith    .   b - +0 leather armour
rPois    .         Spirit   .   (no helmet)
rElec    .         Reflect  .   (no cloak)
rCorr    .         Harm     .   (no gloves)
MR       .....                  (no boots)
Stlth    +.........             (no amulet)
HPRegen  0.09/turn              c - ring of magical power
MPRegen  0.14/turn              (no ring)

@: no status effects
A: no striking features
a: no special abilities


You were on level 1 of the Dungeon.
You were hungry.

You visited 1 branch of the dungeon, and saw 2 of its levels.

You collected 102 gold pieces.

Inventory:

Hand Weapons
 a - a +0 mace
 q - a +1 dagger of pain (weapon)
Missiles
 g - 86 stones (quivered)
 h - 16 poisoned needles
 l - 33 arrows
Armour
 b - a +0 leather armour (worn)
Jewellery
 c - a ring of magical power (left hand)
Scrolls
 e - 2 scrolls of identify {unknown}
 i - 3 scrolls of blinking {unknown}
 j - a scroll of teleportation {unknown}
 r - a scroll of immolation {unknown}
 s - a scroll of enchant armour {unknown}
 u - a scroll of remove curse {unknown}
Potions
 f - 2 potions of heal wounds {unknown}
 k - a potion of curing {unknown}
 m - a potion of ambrosia {unknown}
 n - a potion of flight {unknown}
 o - a potion of might {unknown}
 p - 2 potions of brilliance {unknown}
 t - a potion of cancellation {unknown}
Comestibles
 d - a ration
 v - 2 chunks of flesh


   Skills:
 - Level 3.0 Fighting
 - Level 3.0 Maces & Flails
 - Level 1.0 Armour
 - Level 2.0 Dodging
 * Level 2.0 Spellcasting
 + Level 3.0 Charms
 + Level 0.1 Translocations


You had one spell level left.
You knew the following spells:

 Your Spells              Type           Power        Failure   Level  Hunger
a - Infusion              Chrm           #...         10%         1    ##.....
b - Shroud of Golubria    Chrm/Tloc      #.........   26%         2    ###....
c - Song of Slaying       Chrm           #.......     14%         2    ###....

Your spell library contained the following spells:

 Spells                   Type           Power        Failure   Level  Hunger
 Regeneration             Chrm/Necr      #.........   45%         3    ####...
 Spectral Weapon          Hex/Chrm       #.......     45%         3    ####...


Dungeon Overview and Level Annotations

Branches:
Dungeon (2/15)

Altars:


Message History

* * * LOW HITPOINT WARNING * * *
A dart slug comes into view.
Things that are here:
a +0 club; a hobgoblin skeleton You are feeling hungry.
There is a stone staircase leading up here.
You climb upwards.
There is a stone staircase leading down here.
You hit the orc.
The orc is heavily wounded.
The orc hits you with a +0 hand axe.
* * * LOW HITPOINT WARNING * * *
You closely miss the orc.
The orc is heavily wounded.
The orc hits you with a +0 hand axe!
* * * LOW HITPOINT WARNING * * *
You closely miss the orc.
The orc is heavily wounded.
The orc hits you with a +0 hand axe.
You die...

##.....## #.##.#
#..###.# #.##.#
..####.# #.##.#
.....#.## #....#
.#.#.#..###########
.....##...........#
.#.#.##...........#
.....##.....#####.#
.#.#...........o@.#
.....##...#########
.#.#.##...........#
.....##.....#####.##
#.#.###......# #...##
#....###.#######.#..#
####.##.............#
###......#####......#
.............#......#


You could see an orc.

Vanquished Creatures
  2 dart slugs (D:1)
  A giant cockroach (D:1)
  9 goblins
  3 hobgoblins
  5 jackals (D:1)
  A quokka (D:2)
  7 bats
  2 frilled lizards (D:1)
  2 kobolds (D:1)
  3 rats
35 creatures vanquished.

Notes
Turn   | Place    | Note
-------+----------+-------------------------------------------
     0 | D:1      | Deathwalker the Human Skald began the quest for the Orb.
     0 | D:1      | Reached XP level 1. HP: 16/16 MP: 3/3
   324 | D:1      | Reached XP level 2. HP: 22/22 MP: 5/5
   328 | D:1      | Learned a level 2 spell: Shroud of Golubria
   331 | D:1      | Learned a level 2 spell: Song of Slaying
   583 | D:1      | Reached XP level 3. HP: 27/28 MP: 6/6
  1630 | D:1      | Slain by an orc

Skill      XL: |  1  2  3 |
---------------+----------+-----
Maces & Flails | 3 |  3.0
Fighting       | 3 |  3.0
Armour         | |  1.0
Dodging        | |  2.0
Spellcasting   | |  2.0
Charms         | |  3.0
Translocations | |  0.1

Action                   || total
-------------------------++-------
Melee: Mace              ||    72
       Dagger            ||    50
 Cast: Shroud of Golubri ||     1
       Song of Slaying   ||     1
 Stab: Sleeping          ||     1
  Eat: Chunk             ||     2
Armor: Leather armour    ||    30
Dodge: Dodged            ||    80
